 Dungeon Crawl Stone Soup version 0.30.0-21-gd299b56b3f (webtiles) character file.

Game seed: 11269034621618424467

241 qw the Chopper (level 6, -2/38 HPs)
             Began as a Gargoyle Fighter on June 2, 2023.
             Slain by Pikel
             ... wielding a +1 whip of flaming
              (3 damage)
             ... on level 4 of the Dungeon.
             The game lasted 00:01:46 (2939 turns).

qw the Chopper (Gargoyle Fighter)                   Turns: 2939, Time: 00:01:46

Health: -2/38      AC: 14    Str: 21    XL:     6   Next: 8%
Magic:  6/6        EV:  7    Int:  9    God:
Gold:   73         SH:  4    Dex:  9    Spells: 5/5 levels left

rFire   . . .        m - +2 war axe (heavy)
rCold   . . .        c - +0 buckler
rNeg    + . .        p - +0 chain mail
rPois   inf          j - +0 helmet
rElec   +            (no cloak)
rCorr   .            (no gloves)
SInv    .            (no boots)
Will    .....        (no amulet) Stlth
                     (no ring)
HPRegen 0.26/turn    (no ring)
MPRegen 0.10/turn

%: no passive effects
@: no status effects
A: sickness immunity, AC +4, negative energy resistance 1, electricity
resistance, torment resistance 1, petrification resistance
a: no special abilities


You were on level 4 of the Dungeon.
You visited 1 branch of the dungeon, and saw 4 of its levels.

You collected 112 gold pieces.
You spent 39 gold pieces at shops.


Innate Abilities, Weirdness & Mutations

You are immune to sickness and miasma.
Your stone body is resilient. (AC +4)
You are immune to poison.
You resist negative energy. (rN+)
You are resistant to electric shocks. (rElec)
You are resistant to unholy torment.
You are immune to petrification.


   Skills:
 - Level 4.2 Fighting
 + Level 5.1 Axes
 - Level 3.2 Armour
 - Level 3.2 Shields


You had 5 spell levels left.
You didn't know any spells.
Your spell library was empty.

Inventory:

Hand Weapons
 m - a +2 heavy war axe (weapon)
 o - a +0 flail
Armour
 c - a +0 buckler (worn)
 j - a +0 helmet (worn)
 p - a +0 chain mail (worn)
Jewellery
 g - a ring of ice
Scrolls
 e - a scroll of identify
 i - a scroll of fear {unknown}
 l - a scroll of vulnerability {unknown}
Potions
 a - a potion of mutation
 b - a potion of degeneration {unknown}
 d - a potion of might
 f - a potion of cancellation
 h - 3 potions of curing
 k - a potion of flight {unknown}
 n - a potion of heal wounds {unknown}

Dungeon Overview and Level Annotations

Branches:
Dungeon (4/15)
 Temple: D:4-7

Altars:

Shops:
D:3 *

Annotations:
D:4 Pikel


Message History

You miss Pikel. You closely miss the lemure. You slash the lemure!
The lemure barely misses you. Pikel hits you but does no damage.
The lemure barely misses you.
The lemure hits you but does no damage. x2
Pikel hits you with a +1 whip of flaming!
Pikel burns you.
You slash the lemure!
You kill the lemure!
That felt strangely unrewarding.
You slash the lemure! You slash Pikel! You block Pikel's attack.
The lemure hits you. x2
Pikel hits you but does no damage.
You hit the lemure.
The lemure is severely wounded.
You slash Pikel! Pikel hits you but does no damage.
You block the lemure's attack.
You closely miss Pikel.
Pikel is severely wounded.
You barely miss the lemure. Pikel barely misses you. The lemure hits you.
The lemure completely misses you. Pikel hits you but does no damage.
The lemure barely misses you. Pikel hits you but does no damage.
You hit Pikel but do no damage.
Pikel is severely wounded.
You closely miss the lemure.
Pikel hits you with a +1 whip of flaming.
Pikel burns you. The lemure hits you but does no damage.
You closely miss Pikel.
Pikel is severely wounded.
You miss the lemure. Pikel hits you but does no damage.
The lemure hits you but does no damage. You block the lemure's attack.
Pikel hits you but does no damage.
You hit Pikel but do no damage.
Pikel is severely wounded.
You slash the lemure!
You kill the lemure!
That felt strangely unrewarding.
Pikel hits you with a +1 whip of flaming.
Pikel burns you.
Pikel hits you with a +1 whip of flaming.
Pikel burns you.
You die...

.........#..... #
..........#..... #
................
..................
...................
......................>.
........................
..........#...........#
.......@.##..........#
......K...%..........###
.#.#..................#.
. #..#.................
......................#
#.............##.#.....
#.........##.>.#####....
##.........##...# #...##
...$.#... #...# #...#.


You could see Pikel.

Vanquished Creatures
  4 lemures (D:4)
  A jelly (D:3)
  2 iguanas (D:4)
  An orc wizard (D:4)
  Robin (D:3)
  2 worms (D:2)
  4 dart slugs
  8 orcs
  7 endoplasms
  2 giant cockroaches
  18 goblins
  11 hobgoblins
  6 jackals
  10 ball pythons
  7 bats
  A frilled lizard (D:3)
  8 kobolds
  7 rats
100 creatures vanquished.

Notes
Turn   | Place    | Note
-------+----------+-------------------------------------------
     0 | D:1      | qw the Gargoyle Fighter began the quest for the Orb.
     0 | D:1      | Reached XP level 1. HP: 14/14 MP: 1/1
     0 | D:1      | 0 ||| qw: Version: 0.2-a-102-gdf20003
     0 | D:1      | 0 ||| qw: Game counter: 837
     0 | D:1      | 0 ||| qw: Always use a shield: true
     0 | D:1      | 0 ||| qw: God list: Okawaru
     0 | D:1      | 0 ||| qw: Allow faded altars: false
     0 | D:1      | 0 ||| qw: Do Orc after D:15 true
     0 | D:1      | 0 ||| qw: Do second Lair branch before Depths: true
     0 | D:1      | 0 ||| qw: Lair rune preference: random
     0 | D:1      | 0 ||| qw: Plans: Normal, Zot:1-4, Slime:5, God:TSO, Crypt,
                  | Tomb, Pan, Hells, Abyss, Win
     0 | D:1      | 0 ||| PLANNING D:1-11
   106 | D:1      | Reached skill level 2 in Axes
   120 | D:1      | 120 ||| Stepping ~*~*~tactically~*~*~ (stealth).
   127 | D:1      | Reached XP level 2. HP: 19/19 MP: 2/2
   521 | D:1      | Reached skill level 3 in Axes
   580 | D:1      | Reached XP level 3. HP: 23/23 MP: 3/3
   586 | D:1      | 586 ||| Stepping ~*~*~tactically~*~*~ (hiding).
   587 | D:1      | 587 ||| Stepping ~*~*~tactically~*~*~ (hiding).
   601 | D:1      | 601 ||| Stepping ~*~*~tactically~*~*~ (stealth).
   615 | D:1      | 615 ||| DROPPING +6 ring of intelligence.
   715 | D:1      | 715 ||| READING scroll labelled NIJOMPITEFF.
   796 | D:1      | 796 ||| READING scroll labelled XODAMIOGOU.
   797 | D:1      | 797 ||| READING scroll labelled WAVISH JOLOSO.
   805 | D:1      | 805 ||| Stepping ~*~*~tactically~*~*~ (water).
  1115 | D:1      | 1115 ||| READING scroll labelled QOCRUE SUDERR.
  1252 | D:2      | 1252 ||| Stepping ~*~*~tactically~*~*~ (hiding).
  1398 | D:2      | 1398 ||| Stepping ~*~*~tactically~*~*~ (stealth).
  1468 | D:2      | Reached XP level 4. HP: 28/28 MP: 4/4
  1885 | D:2      | 1885 ||| READING scroll labelled GUAXIT FIP.
  1886 | D:2      | 1886 ||| READING scroll labelled XIC LIUNECURIULA.
  1891 | D:2      | 1891 ||| DRINKING 2 purple potions.
  1931 | D:3      | 1931 ||| Stepping ~*~*~tactically~*~*~ (hiding).
  1941 | D:3      | Reached skill level 4 in Axes
  1947 | D:3      | Found Onwokh's Book Emporium.
  1975 | D:3      | Found Xosimai's Assorted Antiques.
  2000 | D:3      | 2000 ||| BUYING 2 puce potions (39 gold).
  2000 | D:3      | Bought 2 puce potions for 39 gold pieces
  2000 | D:3      | 2000 ||| SHOPLISTING ivory wand (88 gold, have 8).
  2000 | D:3      | 2000 ||| SHOPLISTING potion of might (88 gold, have 8).
  2000 | D:3      | 2000 ||| SHOPLISTING scroll labelled AWOENLI NYLIPN (22
                  | gold, have 8).
  2000 | D:3      | 2000 ||| SHOPLISTING scroll labelled LOHEOGI XUJOKK (22
                  | gold, have 8).
  2000 | D:3      | 2000 ||| SHOPLISTING scroll labelled LUXZIF XUPTE (22 gold,
                  | have 8).
  2000 | D:3      | 2000 ||| SHOPLISTING scroll of identify (44 gold, have 8).
  2000 | D:3      | 2000 ||| SHOPLISTING viscous pink potion (19 gold, have 8).
  2000 | D:3      | 2000 ||| SHOPLISTING whip (55 gold, have 8).
  2148 | D:3      | 2148 ||| DROPPING +0 club.
  2284 | D:3      | Noticed Robin
  2285 | D:3      | 2285 ||| Stepping ~*~*~tactically~*~*~ (hiding).
  2302 | D:3      | Killed Robin
  2413 | D:3      | 2413 ||| Stepping ~*~*~tactically~*~*~ (stealth).
  2416 | D:3      | Reached XP level 5. HP: 32/32 MP: 5/5
  2432 | D:3      | 2432 ||| Stepping ~*~*~tactically~*~*~ (stealth).
  2433 | D:3      | 2433 ||| Stepping ~*~*~tactically~*~*~ (stealth).
  2441 | D:3      | 2441 ||| DROPPING +0 whip.
  2597 | D:3      | 2597 ||| UPGRADING to +0 helmet.
  2602 | D:3      | 2602 ||| UPGRADING to +0 chain mail.
  2612 | D:3      | 2612 ||| DROPPING +0 scale mail.
  2613 | D:3      | 2613 ||| DRINKING 2 puce potions.
  2614 | D:3      | 2614 ||| DRINKING 3 potions of curing.
  2614 | D:3      | 2614 ||| (to cure confusion)
  2615 | D:3      | 2615 ||| READING 4 scrolls of identify.
  2615 | D:3      | 2615 ||| IDENTIFYING lumpy sapphire potion
  2616 | D:3      | 2616 ||| READING 3 scrolls of identify.
  2616 | D:3      | 2616 ||| IDENTIFYING yellow potion
  2617 | D:3      | 2617 ||| READING 2 scrolls of identify.
  2617 | D:3      | 2617 ||| IDENTIFYING fizzy orange potion
  2618 | D:3      | 2618 ||| DROPPING potion of berserk rage.
  2619 | D:3      | 2619 ||| DROPPING potion of ambrosia.
  2664 | D:4      | 2664 ||| STAIRDANCE
  2775 | D:4      | 2775 ||| Stepping ~*~*~tactically~*~*~ (stealth).
  2777 | D:4      | 2777 ||| Stepping ~*~*~tactically~*~*~ (stealth).
  2786 | D:4      | Reached skill level 5 in Axes
  2884 | D:4      | 2884 ||| SWAPPING to +2 heavy war axe.
  2885 | D:4      | 2885 ||| DROPPING +0 war axe.
  2911 | D:4      | Noticed a lemure
  2911 | D:4      | Noticed a lemure
  2916 | D:4      | 2916 ||| Stepping ~*~*~tactically~*~*~ (stealth).
  2918 | D:4      | Killed a lemure
  2919 | D:4      | Killed a lemure
  2919 | D:4      | Noticed a lemure
  2921 | D:4      | Reached XP level 6. HP: 38/38 MP: 6/6
  2927 | D:4      | Noticed Pikel
  2939 | D:4      | HP: 8/38 [Pikel/+1 whip of flaming (4)]
  2939 | D:4      | HP: 1/38 [Pikel/+1 whip of flaming (6)]
  2939 | D:4      | Slain by Pikel

Levels and vault maps discovered:
D:1:      ncdulo_wetmaze, layout_loops_ring, chequers_serial_rivers_small_a,
          chequers_big_river
D:2:      layout_basic, minmay_pentomino_t2
D:3:      layout_loops_ring, serial_shops, shop, shop, uniq_robin
D:4:      layout_cave_pools, uniq_pikel

Skill      XL: |  1  2  3  4  5 |
---------------+----------------+-----
Axes           | 2 3 4 5 |  5.1
Fighting       | 4 |  4.2
Armour         | |  3.2
Shields        | |  3.2

Action                     |  1- 3 |  4- 6 || total
---------------------------+-------+-------++-------
  Melee: War axe           |   137 |   147 ||   284
    Use: Scroll            |     4 |     5 ||     9
         Potion            |       |     3 ||     3
 Armour: Scale mail        |    69 |    52 ||   121
         Chain mail        |       |    30 ||    30
  Dodge: Dodged            |    40 |    70 ||   110
  Block: Buckler           |    18 |    26 ||    44

Table legend:
 A = Non-vault XP
 B = Vault XP
 C = Vault XP percentage of total XP
 D = Non-vault monster count
 E = Vault monster count
 F = Vault count percentage of total count
                 A         B        C        D         E       F
            +---------+---------+-------+---------+---------+-------
      Total |     303 |      42 |  12.2 |      82 |      14 |  14.6
            +---------+---------+-------+---------+---------+-------
        D:1 |      60 |       0 |   0.0 |      33 |       0 |   0.0
        D:2 |      27 |       5 |  15.6 |      15 |       1 |   6.2
        D:3 |      90 |      37 |  29.1 |      24 |      13 |  35.1
        D:4 |     126 |       0 |   0.0 |      10 |       0 |   0.0
            +---------+---------+-------+---------+---------+-------
